Unix NetHack Version 5.0.0-0 post-release - last build May 17 2026 04:57:42 (dc50c8380fa5e20985bfe3072449f57b8d9895ef,branch:main).

Game began 2026-05-20 01:18:21, ended 2026-05-20 03:15:44.

ArrBianca, neutral female gnomish Archeologist

                                                     -----
                                                    --....
                                     -...---       .|...--
                                     ......--     ..|....|
                                    Y.......--   ........|
                                     ...d@..... --...|...
                                     .....B.... |....|-.
                                     -..@.|.... |..---.
                                      -...|.--  |...|...
                                          |.|   ---....--
                                          |.|   --.......|
                                          |.|.. |...{....|
                                          |.-..--.......--
                                          |.----........-
                                          |......---......
                                          +.-------..|..-
                                          ---  --......-
                                               |>.....
                                               -----.-*
                                                     #

ArrBianca the Field Worker  St:7 Dx:9 Co:18 In:14 Wi:16 Ch:8  Neutral
Dlvl:7  $:17 HP:0(31) Pw:14(14) AC:7  Xp:3 T:1650  Burdened

Latest messages:
 Franklin drops a dagger.
 Franklin picks up a dagger.
 Franklin drops a dagger.
 Franklin picks up a dagger.
 Franklin drops a dagger.
 Franklin picks up a dagger.
 Franklin drops a dagger.
 You fall down the stairs.
 Franklin misses the gnome lord.
 Franklin bites the gnome lord.
 The gnome lord misses Franklin.
 Franklin bites the gnome lord.
 The gnome lord hits Franklin.
 Franklin bites the gnome lord.
 Franklin eats a gnome lord corpse.
 You stop.  Franklin is in the way!
 You swap places with Franklin.
 What do you want to use or apply? [ae-ioq-s or ?*] ?
 Your lantern is now on.
 A board beneath you squeaks a G sharp loudly.
 A trap door opens up under you!
 You fall down a shaft!
 You swap places with the peaceful acid blob.
 The dwarf drinks a cyan potion!
 The dwarf is suddenly moving faster.
 You swap places with the peaceful dwarf.
 You feel an unexpected draft.
 You hear a door open.
 You hear a door open.
 You swap places with the peaceful watchman.
 You see here a lock pick.
 You have a little trouble lifting E - a lock pick.
 You swap places with the peaceful watchman.
 You hear a door open.
 The giant bat bites!
 The giant bat bites!
 The giant bat bites!
 The giant bat bites!
 The giant bat bites!
 You lash the giant bat.
 The giant bat bites!
 The giant bat bites!
 The giant bat bites!
 The giant bat bites!
 You miss the giant bat.
 The giant bat bites!
 The giant bat bites!
 You die...
 Do you want your possessions identified? [ynq] (y) y
 Do you want to see your attributes? [ynq] (y) q

Inventory:
 Coins    ('$')
  $ - 17 gold pieces
 Weapons  (')')
  a - a +2 bullwhip (weapon in right hand)
 Armor    ('[')
  c - an uncursed +0 fedora (being worn)
  z - an uncursed +0 pair of iron shoes
  b - an uncursed +0 leather jacket
  t - an uncursed +0 studded leather armor (being worn)
 Comestibles  ('%')
  x - 2 uncursed cram rations
  d - 6 uncursed food rations
  m - an uncursed fortune cookie
  A - an uncursed homemade tin of hobbit meat
 Scrolls  ('?')
  k - an uncursed scroll of confuse monster
  y - an uncursed scroll of food detection
  w - a blessed scroll of identify
 Tools    ('(')
  h - an uncursed sack containing 4 items
  r - an uncursed brass lantern (lit)
  E - an uncursed lock pick
  i - an uncursed oil lamp
  e - a +0 pick-axe
  s - a cursed skeleton key
  q - a cursed tallow candle
  o - an uncursed tin opener
  f - a tinning kit (0:75)
 Gems/Stones  ('*')
  g - an uncursed touchstone

Contents of the sack:
  a cursed agate stone
  an uncursed fluorite stone
  an uncursed topaz stone
  2 cursed turquoise stones

ArrBianca the Archeologist's attributes:

Background:
 You were a Field Worker, a level 3 female gnomish Archeologist.
 You were neutral, on a mission for Camaxtli
 who was opposed by Quetzalcoatl (lawful) and Huhetotl (chaotic).
 You were right-handed.
 You were in the Gnomish Mines, on level 7.
 You entered the dungeon 1650 turns ago.
 It was nighttime.
 You had 70 experience points, 10 more were needed to attain level 4.

Basics:
 You had 0 out of 31 hit points.
 You had all 14 energy points (spell power).
 Your armor class was 7.
 Your wallet contained 17 zorkmids.
 Autopickup was on for '$?!/="+%' plus thrown, with exceptions.

Final Characteristics:
 Your strength was 7 (peak:10, limit:18/50).
 Your dexterity was 9 (limit:18).
 Your constitution was 18 (limit:18).
 Your intelligence was 14 (limit:19).
 Your wisdom was 16 (limit:18).
 Your charisma was 8 (limit:18).

Final Status:
 You weren't hungry.
 You were burdened; movement was slightly slowed.
 You were wielding a whip.
 You had basic skill with whip.

Final Attributes:
 You were devoutly aligned.
 You were cold resistant.
 You had automatic searching.
 You had infravision.
 You were warded.
 You were lucky.
 You are dead.

Miscellaneous:
 You didn't encounter any bones levels.
 Total elapsed playing time was 16 minutes and 34 seconds.

Major events:
 Turn
    1: ArrBianca the neutral female gnomish Archeologist entered the dungeon
 1013: entered the Gnomish Mines
 1168: attained the rank of Field Worker (level 3)
 1588: reached Mine Town
 1650: killed by a giant bat

You didn't know any spells.

Skills:
 Fighting Skills
   bare handed combat [Unskilled]
   two weapon combat  [Unskilled]
   riding             [Unskilled]
 Weapon Skills
   dagger             [Unskilled]
   knife              [Unskilled]
   pick-axe           [Basic]
   short sword        [Unskilled]
   saber              [Unskilled]
   club               [Unskilled]
   quarterstaff       [Unskilled]
   sling              [Unskilled]
   dart               [Unskilled]
   boomerang          [Unskilled]
   whip               [Basic]
   unicorn horn       [Unskilled]
 Spellcasting Skills
   attack spells      [Unskilled]
   healing spells     [Unskilled]
   divination spells  [Unskilled]
   matter spells      [Unskilled]

Voluntary challenges:
 Character rerolling was not enabled.
 You never genocided any monsters.
 You never polymorphed an object.
 You never changed form.
 You used no wishes.
Achievements:
 You entered a shop.
 You entered the Gnomish Mines.
 You attained the rank of Field Worker.
 You entered Minetown.

 The Dungeons of Doom: levels 1 to 3
    Level 1:
       A fountain.
    Level 2:
       An armor shop, a fountain.
    Level 3:
       A fountain.
       Stairs down to The Gnomish Mines.
 The Gnomish Mines: levels 4 to 7
    Level 4:
    Level 5:
    Level 7: <- You were here.
       A fountain.
       Final resting place for
          you, killed by a giant bat.


Vanquished creatures:
  a gnome leader
  a dwarf
  a homunculus
  a giant bat
 an iguana
  a coyote
  a hobbit
  2 brown molds
  a green mold
  2 gnomes
  a gnome zombie
  4 geckos
 10 jackals
  2 foxes
  3 goblins
  2 grid bugs
  a lichen
  5 newts
40 creatures vanquished.

No species were genocided or became extinct.

Game over:
                       ----------
                      /          \
                     /    REST    \
                    /      IN      \
                   /     PEACE      \
                  /                  \
                  |    ArrBianca     |
                  |      17 Au       |
                  |   killed by a    |
                  |    giant bat     |
                  |                  |
                  |                  |
                  |       2026       |
                 *|     *  *  *      | *
        _________)/\\_//(\/(/\)/\//\/|_)_______

Goodbye ArrBianca the Archeologist...

You died in The Gnomish Mines on dungeon level 7 with 596 points,
and 17 pieces of gold, after 1650 moves.
You were level 3 with a maximum of 31 hit points when you died.

